 Dungeon Crawl Stone Soup version 0.21.1-1-g345015fe64 (webtiles) character file.

149 Htamos the Conjurer (level 5, -1/28 HPs)
             Began as a Deep Elf Conjurer on July 12, 2018.
             Slain by Crazy Yiuf
             ... wielding a +2 quarterstaff of chaos
              (6 damage)
             ... on level 2 of the Dungeon.
             The game lasted 00:04:02 (1909 turns).

Htamos the Conjurer (Deep Elf Conjurer)             Turns: 1909, Time: 00:04:03

Health: -1/28      AC:  4    Str:  5    XL:     5   Next: 9%
Magic:  12/14      EV: 13    Int: 21    God:
Gold:   94         SH:  0    Dex: 15    Spells: 12/13 levels left

rFire    . . .     SeeInvis .   o - +1 dagger (elec)
rCold    . . .     Gourm    .   (no shield)
rNeg     . . .     Faith    .   a - +0 robe
rPois    .         Spirit   .   s - +1 helmet
rElec    .         Reflect  .   (no cloak)
rCorr    .         Harm     .   (no gloves)
MR       .....                  (no boots)
Stlth    ++........             (no amulet)
HPRegen  0.09/turn              (no ring)
MPRegen  0.14/turn              (no ring)

@: lethally poisoned (-1 -> -12)
A: no striking features
a: no special abilities


You were on level 2 of the Dungeon.
You were not hungry.

You visited 1 branch of the dungeon, and saw 2 of its levels.

You collected 94 gold pieces.

Inventory:

Hand Weapons
 o - a +1 dagger of electrocution (weapon)
Missiles
 f - 26 poisoned needles
 h - 68 stones (quivered)
 q - 26 arrows
Armour
 a - a +0 robe (worn)
 l - a +0 leather armour
 s - a +1 helmet (worn)
Scrolls
 d - 4 scrolls of identify {unknown}
 i - a scroll of noise {unknown}
 j - a scroll of amnesia {unknown}
 m - a scroll of fear {unknown}
 n - a scroll of enchant weapon {unknown}
 p - 2 scrolls of remove curse {unknown}
Potions
 e - a potion of mutation {unknown}
 k - 3 potions of curing
 r - a potion of berserk rage {unknown}
Books
 b - a book of Conjurations

   Spells                             Type                      Level
   a - Magic Dart                     Conjuration                  1
   b - Searing Ray                    Conjuration                  2
   c - Dazzling Spray                 Conjuration/Hexes            3
   d - Fulminant Prism                Conjuration/Hexes            4
   e - Force Lance                    Conjuration/Translocation    4
   f - Iskenderun's Mystic Blast      Conjuration                  4
Comestibles
 c - 4 rations
 g - a chunk of flesh


   Skills:
 - Level 2.4 Dodging
 - Level 2.4 Stealth
 + Level 4.6 Spellcasting
 + Level 6.3 Conjurations


You had 12 spell levels left.
You knew the following spells:

 Your Spells              Type           Power        Failure   Level  Hunger
a - Magic Dart            Conj           ####         1%          1    None


Dungeon Overview and Level Annotations

Branches:
Dungeon (2/15)

Altars:

Annotations:
D:2 Crazy Yiuf


Message History

Crazy Yiuf freezes you.
You hit Crazy Yiuf but do no damage.
Crazy Yiuf is almost dead.
You feel sick.
Crazy Yiuf hits you with a quarterstaff of chaos.
Crazy Yiuf freezes you.
* * * LOW HITPOINT WARNING * * *
You closely miss Crazy Yiuf.
Crazy Yiuf is almost dead.
* * * LOW HITPOINT WARNING * * *
You feel sick.
Crazy Yiuf says, "Paint!
Dawk canine sanguine."
Crazy Yiuf misses you.
You hit Crazy Yiuf but do no damage.
Crazy Yiuf is almost dead.
* * * LOW HITPOINT WARNING * * *
You feel sick.
Crazy Yiuf says, "East toodlewoodle sanguine!"
Crazy Yiuf hits you with a quarterstaff of chaos.
You die...

..........#####))).#
..........# ##..##
........#### ♣.).)♣
####.#.....# ♣♣...♣
#.#..#### ♣♣.♣♣
#.#..# ♣♣.♣ #.#..#
♣.♣♣ #.#..# ♣♣.♣
#.#..#### ♣@♣♣
#.#.....# #g#
#...#.### ...
#...#.# #...#
#...#.## #)..#
#...#..# #####
#...##.##
#.####..###
#.#####...#


You could see Crazy Yiuf.

Vanquished Creatures
  Terence (D:2)
  Robin (D:2)
  5 adders (D:2)
  5 leopard geckos
  An orc (D:2)
  10 bats
  3 giant cockroaches
  5 hobgoblins
  5 jackals
  4 frilled lizards
  13 goblins
  6 kobolds
  3 rats
62 creatures vanquished.

Notes
Turn   | Place    | Note
-------+----------+-------------------------------------------
     0 | D:1      | Htamos the Deep Elf Conjurer began the quest for the Orb.
     0 | D:1      | Reached XP level 1. HP: 10/10 MP: 6/6
   126 | D:1      | Reached XP level 2. HP: 15/15 MP: 5/8
   217 | D:1      | Reached skill level 5 in Conjurations
   424 | D:1      | Reached XP level 3. HP: 19/19 MP: 5/9
  1149 | D:2      | Reached XP level 4. HP: 24/24 MP: 4/11
  1337 | D:2      | Reached skill level 6 in Conjurations
  1415 | D:2      | Noticed Robin
  1435 | D:2      | Killed Robin
  1631 | D:2      | Found a runed door.
  1699 | D:2      | Noticed Terence
  1706 | D:2      | Killed Terence
  1706 | D:2      | Reached XP level 5. HP: 28/28 MP: 8/14
  1901 | D:2      | Noticed Crazy Yiuf
  1909 | D:2      | Slain by Crazy Yiuf

Skill      XL: |  1  2  3  4 |
---------------+-------------+-----
Conjurations   | 5 6 |  6.3
Spellcasting   | 4 |  4.6
Dodging        | |  2.4
Stealth        | |  2.4

Action                   |  1- 3 |  4- 6 || total
-------------------------+-------+-------++-------
Melee: Dagger            |    11 |    20 ||    31
 Cast: Magic Dart        |    65 |    45 ||   110
  Eat: Chunk             |     1 |     2 ||     3
Armor: Robe              |     2 |     2 ||     4
Dodge: Dodged            |    15 |    11 ||    26
